 Dungeon Crawl Stone Soup version 0.31.0-11-ge490571c62 (webtiles) character file.

Game seed: 13276515192515400698

30 Gadfly the Trooper (level 3, 29/29 HPs)
             Began as a Demonspawn Monk on Feb 3, 2024.
             Quit the game on level 2 of the Dungeon.
             The game lasted 00:01:12 (1057 turns).

Gadfly the Trooper (Demonspawn Monk)                Turns: 1057, Time: 00:01:12

Health: 29/29      AC:  7    Str: 13    XL:     3   Next: 3%
Magic:  3/3        EV: 13    Int: 12    God:
Gold:   55         SH:  0    Dex: 15    Spells: 2/2 levels left

rFire   . .          .
                       - Unarmed
rCold   . . .        c - orb {light}
rNeg    . . .        a - +1 robe
rPois   .            (no helmet)
rElec   .            (no cloak)
rCorr   .            (no gloves)
SInv    .            (no boots)
Will    .....        (no amulet)
Stlth   +            l - +4 ring of protection
HPRegen 0.24/turn    (no ring)
MPRegen 0.08/turn

%: no passive effects
@: glowing
A: powered by death 1, big brain 1
a: no special abilities


You were on level 2 of the Dungeon.
You visited 1 branch of the dungeon, and saw 2 of its levels.

You collected 55 gold pieces.

Inventory:

Hand Weapons
 b - a +1 vampiric dagger
Armour
 a - a +1 robe (worn)
 c - an orb of light (worn)
Jewellery
 l - a +4 ring of protection (left hand)
Scrolls
 e - 2 scrolls of fear
 f - a scroll of amnesia {unknown}
 g - 2 scrolls of vulnerability {unknown}
 i - a scroll of identify
Potions
 d - a potion of ambrosia
 h - a potion of might
 m - a potion of enlightenment
 n - a potion of brilliance {unknown}


   Skills:
 - Level 3.0 Fighting
 + Level 2.9 Dodging
 * Level 3.0 Unarmed Combat
 * Level 1.2 Evocations
 * Level 1.0 Shapeshifting


You had 2 spell levels left.
You didn't know any spells.
Your spell library contained the following spells:

 Spells                   Type           Power      Damage    Failure   Level
 Call Canine Familiar     Summ           0%         N/A       69%         3
 Sigil of Binding         Hex            0%         N/A       69%         3
 Dimensional Bullseye     Hex/Tloc       0%         N/A       97%         4


Dungeon Overview and Level Annotations

Branches:
Dungeon (2/15)

Altars:


Innate Abilities, Weirdness & Mutations

You regenerate a little health from kills.
You have an unusually large brain. (Int +2)


Message History

No target in view!
No target in view!
No target in view!
No target in view!
No target in view!
No target in view!
No target in view!
No target in view!
No target in view!
No target in view!
No target in view!
You pick up a book of the Hunter and begin reading...
You add the spells Sigil of Binding, Call Canine Familiar and Dimensional Bullseye to your library.
No target in view!
i - a scroll of identify An adder comes into view.
The adder hisses angrily.
An adder is nearby!
You closely miss the adder. The adder bites you but does no damage.
You hit the adder but do no damage. The adder completely misses you.
The adder closely misses you.
You hit the adder.
The adder is lightly wounded.
The adder bites you but does no damage.
You hit the adder.
The adder is heavily wounded.
The adder bites you but does no damage.
You hit the adder.
The adder is almost dead.
The adder closely misses you.
You hit the adder.
You kill the adder!
Your Shapeshifting skill increases to level 1!
You have reached level 3!
Your experience leads to an increase in your attributes!
Increase (S)trength, (I)ntelligence, or (D)exterity?
You feel stronger. x2; Your demonic ancestry asserts itself...
Your brain expands.
Okay, then.
Are you sure you want to abandon this character and quit the game? (Confirm with "yes".)

.. ## .. .# #. ####. #.
#...# ## #. ######...#
..##..# #.
.........###..##.######.
.......@................
.......###..............
##########.##.....###...
#.......#............
#.......#......###...
#.......#............
#...<.....#'#'####...
#.......#.#.#........
#.......###.######...


There were no monsters in sight!

Vanquished Creatures
  An adder (D:2)
  A dart slug (D:2)
  3 endoplasms
  A giant cockroach (D:1)
  A goblin (D:1)
  2 jackals (D:2)
  A quokka (D:2)
  2 ball pythons
  3 bats
  2 frilled lizards (D:1)
  3 kobolds
20 creatures vanquished.

Notes
Turn   | Place    | Note
-------+----------+-------------------------------------------
     0 | D:1      | Gadfly the Demonspawn Monk began the quest for the Orb.
     0 | D:1      | Reached XP level 1. HP: 18/18 MP: 1/1
   482 | D:1      | Gained mutation: You regenerate a little health from kills.
                  | [demonic ancestry]
   482 | D:1      | Reached XP level 2. HP: 24/24 MP: 2/2
   849 | D:2      | Reached skill level 1 in Evocations
  1057 | D:2      | Reached skill level 1 in Shapeshifting
  1057 | D:2      | Gained mutation: You have an unusually large brain. (Int
                  | +2) [demonic ancestry]
  1057 | D:2      | Reached XP level 3. HP: 29/29 MP: 3/3
  1057 | D:2      | Quit the game

Illustrated notes

Levels and vault maps discovered:
D:1:      lightli_arrival_boilingwater, layout_loops_ring, minivault_4,
          kennysheep_decorative_pillar
D:2:      layout_basic

Skill      XL: |  1  2 |
---------------+-------+-----
Unarmed Combat | 3 |  3.0
Evocations     | 1 |  1.2
Shapeshifting  | 1 |  1.0
Fighting       | |  3.0
Dodging        | |  2.9

Action                     || total
---------------------------++-------
  Melee: Dagger            ||    28
         Unarmed           ||    48
    Use: Scroll            ||     7
 Armour: Robe              ||    39
  Dodge: Dodged            ||    55
